AoeStats
← jaimegomlab99

Arena

506416807Analyzed
2v2 RM · 19d ago on Sep 13, 2026· 48m 57s· 4 players
Game mode
Random Map
Map size
Medium (4 player)
Population
200
Speed
Normal
Resources
Standard
Victory
Conquest
Starting age
Dark Age
Ending age
Imperial Age
RankedLock teamsTeams togetherTeam positionsShared explorationLock speedFull tech treeHidden civsTurbo modeCheats
Victory
Defeat
🇨🇿 Khmer · Czechia
560
+11
🇬🇧 Georgians · United Kingdom
524
+13
🇮🇪 Britons · Ireland
455
-12
🇪🇸 Teutons · Spain
445
-12
Chrisjohn09
10:56 Feudal Age
11:31 Double-Bit Axe
17:35 Castle Age
17:14 Wheelbarrow
24:46 Bow Saw
25:08 Stone Mining
28:23 Scale Barding Armor
28:28 Forging
28:50 Scale Mail Armor
29:36 Pikeman
31:09 Squires
31:48 Iron Casting
31:35 Chain Mail Armor
36:28 Imperial Age
36:41 Elite Monaspa
38:01 Chain Barding Armor
39:41 Plate Barding Armor
40:07 Blast Furnace
46:05 Hand Cart
I hate snigkers
14:25 Feudal Age
16:19 Wheelbarrow
15:59 Double-Bit Axe
16:31 Stone Mining
16:33 Gold Mining
16:33 Horse Collar
17:19 Man-at-Arms
22:22 Castle Age
24:14 Hand Cart
24:03 Heavy Plow
24:19 Bow Saw
28:59 Imperial Age
27:21 Gold Shaft Mining
28:38 Long Swordsman
28:38 Pikeman
30:52 Town Watch
33:47 Town Patrol
36:30 Tusk Swords
37:38 Chemistry
36:35 Murder Holes
36:58 Scale Mail Armor
37:00 Padded Archer Armor
38:45 Ballistics
38:32 Siege Engineers
38:51 Husbandry
41:52 Two-Handed Swordsman
41:53 Halberdier
daveofempires
14:51 Feudal Age
16:24 Wheelbarrow
15:38 Double-Bit Axe
15:36 Horse Collar
17:11 Gold Mining
22:19 Castle Age
23:20 Hand Cart
23:19 Bow Saw
23:14 Heavy Plow
23:52 Gold Shaft Mining
24:26 Stone Mining
29:20 Crossbowman
30:34 Padded Archer Armor
30:35 Scale Mail Armor
30:26 Fletching
32:53 Leather Archer Armor
32:53 Chain Mail Armor
32:49 Forging
34:39 Pikeman
36:44 Squires
36:04 Man-at-Arms
36:30 Gambesons
36:30 Arson
jaimegomlab99
9:54 Feudal Age
11:45 Double-Bit Axe
13:17 Wheelbarrow
17:25 Gold Mining
20:30 Horse Collar
23:05 Castle Age
21:56 Scale Barding Armor
21:49 Man-at-Arms
23:13 Stone Mining
24:35 Scale Mail Armor
25:17 Heavy Plow
25:52 Pikeman
26:51 Arson
28:10 Long Swordsman
30:25 Forging
34:20 Iron Casting
38:25 Ironclad
38:11 Gambesons
40:30 Crossbowman
42:33 Bloodlines
Connection lost

Rejoining the realm…

Still unreachable

The connection could not be restored.

Session expired

The server has moved on; the page needs a fresh start.